 Dungeon Crawl Stone Soup version 0.30-b1-2-g02819fbbbe (webtiles) character file.

Game seed: 18402359404947381457

602 LLlMATKO the Chopper (level 7, -4/62 HPs)
             Began as a Minotaur Berserker on June 25, 2023.
             Was a Priest of Trog.
             Slain by a wight
             ... wielding a +0 scimitar
              (14 damage)
             ... on level 5 of the Dungeon.
             The game lasted 00:03:38 (3720 turns).

LLlMATKO the Chopper (Minotaur Berserker)           Turns: 3720, Time: 00:03:38

Health: -4/62      AC: 12    Str: 30    XL:     7   Next: 18%
Magic:  6/6        EV: 12    Int:  4    God:    Trog [***...]
Gold:   303        SH:  0    Dex: 13    Spells: 6/6 levels left

rFire   . . .        a - +0 hand axe
rCold   . . .        (no shield)
rNeg    . . .        D - +2 scale mail of Insecurity {Dex+4}
rPois   .            (helmet restricted)
rElec   .            B - +2 cloak
rCorr   .            (no gloves)
SInv    .            (no boots)
Will    .....        (no amulet) Stlth
                     s - +6 ring of strength
HPRegen 0.30/turn    t - +4 ring of protection
MPRegen 0.10/turn

%: no passive effects
@: weak-willed, marked, corroded, on berserk cooldown, slowed, very slow
A: horns 2, retaliatory headbutt
a: Renounce Religion, Berserk, Trog's Hand


You were on level 5 of the Dungeon.
You worshipped Trog.
Trog was most pleased with you.
You visited 1 branch of the dungeon, and saw 5 of its levels.

You collected 303 gold pieces.

Inventory:

Hand Weapons
 a - a +0 hand axe (weapon)
Missiles
 l - 6 atropa-tipped darts (quivered)
 u - 8 boomerangs
 v - 7 poisoned darts
 E - 3 throwing nets
Armour
 B - a +2 cloak (worn)
 D - the +2 scale mail of Insecurity (worn) {Dex+4}
   (You found it on level 4 of the Dungeon)

   Dex:       It affects your dexterity (+4).
Jewellery
 b - a ring of protection from cold
 s - a +6 ring of strength (left hand)
 t - a +4 ring of protection (right hand)
 w - a ring of resist corrosion
 y - a ring of protection from fire
 C - a ring of protection from cold
Scrolls
 e - 2 scrolls of poison {unknown}
 f - a scroll of magic mapping {unknown}
 g - 9 scrolls of identify {unknown}
 i - a scroll of vulnerability
 j - a scroll of fear {unknown}
 m - a scroll of enchant armour {unknown}
 n - a scroll of acquirement {unknown}
 q - a scroll of butterflies {unknown}
 x - a scroll of silence {unknown}
 F - a scroll of enchant weapon {unknown}
 G - a scroll of teleportation {unknown}
Potions
 c - a potion of brilliance {unknown}
 d - a potion of ambrosia {unknown}
 h - a potion of lignification {unknown}
 k - 2 potions of cancellation {unknown}
 o - 4 potions of heal wounds {unknown}
 p - 2 potions of magic {unknown}
 r - a potion of mutation {unknown}
 z - 2 potions of degeneration {unknown}
 A - 2 potions of curing {unknown}


   Skills:
 + Level 5.8 Fighting
 + Level 5.9 Axes
 + Level 5.2 Armour
 + Level 4.7 Dodging


You had 6 spell levels left.
You didn't know any spells.
Your spell library was empty.

Dungeon Overview and Level Annotations

Branches:
Dungeon (5/15)
 Temple: D:4-7

Altars:
Ashenzari
Gozag
Kikubaaqudgha
Trog

Shops:
D:2 (


Innate Abilities, Weirdness & Mutations

You have a pair of horns on your head.
You reflexively headbutt those who attack you in melee.


Message History

Unknown command.
Unknown command.
Unknown command.
The orc attacks as you move away! The orc closely misses you.
The wight closely misses you. The orc closely misses you. The wight misses you.
You're too confused to move!
You feel less confused. The orc hits you but does no damage.
The wight hits you with a +0 war axe!
Unknown command.
You hit the orc.
The orc is heavily wounded.
You hit the wight. You hit the wight but do no damage. The orc misses you.
You furiously retaliate!
You headbutt the orc!
You kill the orc!
Trog accepts your kill. The wight barely misses you.
The wight closely misses you. The wight misses you. You furiously retaliate!
You headbutt the wight. The wight hits you with a +0 war axe.
* * * LOW HITPOINT WARNING * * *
You feel drained.
* * * LOW HITPOINT WARNING * * *
Unknown command.
Unknown command.
Unknown command.
You hit the wight.
The wight is moderately damaged.
You hit the wight but do no damage. You barely miss the wight.
The wight barely misses you. x2; You furiously retaliate!
You headbutt the wight!
You destroy the wight!
Trog accepts your kill. The wight hits you with a +0 war axe.
* * * LOW HITPOINT WARNING * * *
Your life force feels restored.
Unknown command.
Unknown command.
As you read the scroll labelled WYDOQI EFOD, it crumbles to dust.
Magic quickly surges around you.
It was a scroll of vulnerability.
The wight hits you with a +0 scimitar!
You die...

. #.........# ... .^
#.........# .....#.
#.........# .....#..
#.....).... ..... ..
#...)))....
.?...####.####..........
. .........))...........
#.. #..######)).......##
.....#)z@##)...#.......##
.......z)z..####.########
.>....##z#### #.#######.
..... #.).#####.#.......
.... ###z......#.######
#.. #.........###### ..
..............## .
...##########... .# #
####


You could see 4 wights.

Vanquished Creatures
  A wight (D:5)
  A jelly (D:5)
  2 orc priests
  A hound (D:5)
  3 sleepcaps (D:5)
  4 orc wizards (D:5)
  8 gnolls
  6 adders
  A white imp (D:5)
  An ufetubus (D:5)
  A worm (D:4)
  2 dart slugs (D:1)
  21 orcs
  5 bats
  9 endoplasms
  4 goblins
  5 hobgoblins
  3 quokkas
  7 ball pythons
  2 frilled lizards
  7 kobolds
  14 rats
108 creatures vanquished.

Notes
Turn   | Place    | Note
-------+----------+-------------------------------------------
     0 | D:1      | LLlMATKO the Minotaur Berserker began the quest for the
                  | Orb.
     0 | D:1      | Reached XP level 1. HP: 19/19 MP: 0/0
   144 | D:1      | Reached XP level 2. HP: 27/27 MP: 1/1
   369 | D:1      | Reached XP level 3. HP: 33/33 MP: 2/2
   687 | D:1      | Reached ** piety under Trog
  1041 | D:2      | Found a faded altar of an unknown god.
  1224 | D:2      | Reached XP level 4. HP: 37/40 MP: 3/3
  1295 | D:2      | Found Xuxuegra's Antique Weapon Shop.
  1605 | D:3      | Found an opulent altar of Gozag.
  2144 | D:3      | Found an ancient bone altar of Kikubaaqudgha.
  2458 | D:4      | Reached XP level 5. HP: 44/47 MP: 4/4
  2590 | D:4      | Found a bloodstained altar of Trog.
  2657 | D:4      | Found a broken altar of Ashenzari.
  2775 | D:4      | Identified the +2 scale mail of Insecurity {Dex+4}
  3302 | D:5      | Entered Level 5 of the Dungeon
  3368 | D:5      | Reached skill level 5 in Axes
  3371 | D:5      | Reached skill level 5 in Fighting
  3452 | D:5      | Reached XP level 6. HP: 56/56 MP: 5/5
  3714 | D:5      | Reached *** piety under Trog
  3715 | D:5      | Reached skill level 5 in Armour
  3715 | D:5      | Reached XP level 7. HP: 27/62 MP: 6/6
  3720 | D:5      | Slain by a wight

Illustrated notes

Levels and vault maps discovered:
D:1:      wheals_arrival_linesprint, layout_basic, kennysheep_nondescript
D:2:      layout_basic, hellmonk_ecumenical_altar_zigzags, serial_shops, shop
D:3:      layout_loops_cross, mainiacjoe_overflow_six_doors_small,
          lemuel_crystal_altar, mrwooster_statue_mirror
D:4:      layout_basic, trog_three_pillars_becter, nicolae_ashenzari_skybound
D:5:      layout_rooms, lemuel_tele_altar, minmay_temple_entry_junction

Skill      XL: |  1  2  3  4  5  6 |
---------------+-------------------+-----
Fighting       | 4 5 |  5.8
Axes           | 4 5 |  5.9
Armour         | 3 4 5 |  5.2
Dodging        | 3 4 |  4.7

Action                     |  1- 3 |  4- 6 |  7- 9 || total
---------------------------+-------+-------+-------++-------
  Melee: Hand axe          |    63 |   133 |     2 ||   198
         Headbutt          |     7 |    34 |       ||    41
         Punch             |       |     2 |       ||     2
 Invoke: Berserk           |       |     4 |       ||     4
    Use: Scroll            |       |       |     1 ||     1
   Stab: Sleeping          |     1 |       |       ||     1
 Armour: Animal skin       |     9 |     2 |       ||    11
         Scale mail        |       |    58 |     2 ||    60
         Ring mail         |       |     6 |       ||     6
  Dodge: Dodged            |    44 |    80 |    11 ||   135
